cohdb
Replays
Latest Replays
All Replays
Popular Replays
Top Player Replays
Match Explorer
How It Works
Community
CoH3 Stats
Reddit
Sign in to upload your games and track your stats! →
Sign in with Steam
Match 43264249
Unlisted
Match 43264249
Overview
Messages
Build Orders
End
Construct Infanterie Kompanie
Pioneer Squad
Selects Terror Battlegroup
Grenadier Squad
MG 42 Machine Gun Team
Selects Machine Gun Camouflage
Grenadier Squad
Construct Luftwaffe Kompanie
Jäger Squad
Selects Contempt for the Weak
221 Scout Car
Medical Bunker
Luftwaffe Officer Quarters
Support Elements
Selects Jericho Trumpet
Wirbelwind Flakpanzer
Jäger Squad
Wirbelwind Flakpanzer
Selects Defend the Fatherland
Barbarossa
AI-Crazy
0
0
Comments
sign in to comment!
No comments posted yet!